 Dungeon Crawl Stone Soup version 0.19.0-16-g73b5abf (webtiles) character file.

102800 SterlingArcher the Thaumaturge (level 15, -3/73 HPs)
             Began as a Spriggan Enchanter on Nov 8, 2016.
             Was the Champion of Kikubaaqudgha.
             Slain by a redback (13 damage)
             ... on level 3 of the Spider Nest on Nov 11, 2016.
             The game lasted 04:04:31 (22872 turns).

SterlingArcher the Thaumaturge (SpEn)              Turns: 22872, Time: 04:04:33

Health: -3/73      AC:  9    Str:  6    XL:     15   Next: 87%
Magic:  34/34      EV: 15    Int: 21    God:    Kikubaaqudgha [******]
Gold:   755        SH:  0    Dex: 21    Spells: 15 memorised, 2 levels left

rFire  + . .     SeeInvis +     b - +3 dagger (drain)
rCold  . . .     Gourm    .     U - +2 robe {MR+}
rNeg   . . .     Faith    .     (shield restricted)
rPois  .         Spirit   .     r - +0 hat
rElec  .         Reflect  .     V - +2 cloak of the Thief {+Fog Slay-2 SInv Stlth+}
rCorr  .         Harm     .     (gloves unavailable)
MR     ++++.                    (boots unavailable)
Stlth  ++++++....               v - amulet of magic regeneration
                                A - ring of protection from fire
                                Q - ring of Disaster {+Fly MR+}

@: very slightly contaminated, held, invisible, very quick
A: unfitting armour, large bone plates 1, molten scales 1, see invisible, agile
1, herbivore 3, speed 3, slow metabolism 2, strong 1
a: Receive Corpses, Torment, Renounce Religion, Evoke Fog, Evoke Flight


You were on level 3 of the Spider Nest.
You worshipped Kikubaaqudgha.
Kikubaaqudgha was exalted by your worship.
You were not hungry.

You visited 6 branches of the dungeon, and saw 30 of its levels.

You collected 2632 gold pieces.
You spent 1877 gold pieces at shops.

Inventory:

Hand Weapons
 a - a +3 dagger
 b - a +3 dagger of draining (weapon)
 c - a +2 short sword of flaming
 p - the +7 shortbow of the Butterfly {flame, rElec Dex+5}
   (You found it on level 5 of the Lair of Beasts)

   It causes projectiles fired from it to burn those they strike, causing extra
   injury to most foes and up to half again as much damage against particularly
   susceptible opponents.
   It affects your dexterity (+5).
   It insulates you from electricity.
Missiles
 n - 23 poisoned needles
Armour
 f - a +0 robe of fire resistance
 r - a +0 hat (worn)
 U - a +2 robe of magic resistance (worn)
 V - the +2 cloak of the Thief (worn) {+Fog Slay-2 SInv Stlth+}
   (You bought it in a shop on level 2 of the Orcish Mines)

   It affects your accuracy and damage with ranged weapons and melee attacks
   (-2).
   It lets you see invisible.
   It can be evoked to emit clouds of fog.
   It makes you more stealthy.
Jewellery
 m - an uncursed ring of resist corrosion
 v - an amulet of magic regeneration (around neck)
 A - a ring of protection from fire (right hand)
 J - a +3 ring of strength
 M - the amulet "Iffelio" {Gourm rElec rN+}
   (You found it on level 11 of the Dungeon)

   [amulet of the gourmand]

   It allows you to eat raw meat even when not hungry.
   It insulates you from electricity.
   It protects you from negative energy.
 Q - the ring of Disaster (left hand) {+Fly MR+}
   (You found it on level 3 of the Lair of Beasts)

   [ring of flight]

   It affects your resistance to hostile enchantments.
   It lets you fly.
 S - an uncursed ring of flight
Wands
 g - a wand of lightning (5/15)
 h - a wand of teleportation (8/9)
 u - a wand of iceblast (4/15)
 x - a wand of iceblast (10/15)
 y - a wand of flame (31/48)
 B - a wand of confusion (21/48)
 D - a wand of disintegration (8/24)
 I - a wand of teleportation (3/9)
 N - a wand of heal wounds (6/9)
 T - a wand of lightning (4/15)
Scrolls
 i - 2 scrolls of identify
 k - a scroll of fog
 l - 6 scrolls of magic mapping
 s - 9 scrolls of teleportation
 F - a scroll of amnesia
 L - a scroll of blinking
 P - a scroll of enchant armour
 R - 2 scrolls of fear
Potions
 j - a potion of flight
 q - a potion of invisibility
 t - 3 potions of might
 z - a potion of agility
 C - 3 potions of curing
 E - a potion of haste
 G - a potion of heal wounds
 H - 2 potions of brilliance
Books
 w - a book of Beasts

   Spells                             Type                      Level
   a - Summon Butterflies             Summoning                    1
   b - Call Canine Familiar           Summoning                    3
   c - Summon Ice Beast               Ice/Summoning                4
   d - Summon Mana Viper              Hexes/Summoning              5
   e - Summon Hydra                   Summoning                    7
 K - a Young Poisoner's Handbook

   Spells                             Type                      Level
   a - Sting                          Conjuration/Poison           1
   b - Mephitic Cloud                 Conjuration/Poison/Air       3
   c - Olgreb's Toxic Radiance        Poison                       4
   d - Alistair's Intoxication        Transmutation/Poison         5
   e - Venom Bolt                     Conjuration/Poison           5
 W - a book of Cantrips

   Spells                             Type                      Level
   a - Confusing Touch                Hexes                        1
   b - Animate Skeleton               Necromancy                   1
   c - Summon Small Mammal            Summoning                    1
   d - Apportation                    Translocation                1
 Y - a Necronomicon

   Spells                             Type                      Level
   a - Haunt                          Necromancy/Summoning         7
   b - Borgnjor's Revivification      Necromancy                   8
   c - Death's Door                   Charms/Necromancy            8
   d - Infestation                    Necromancy                   8
   e - Necromutation                  Transmutation/Necromancy     8
 Z - a book of Debilitation

   Spells                             Type                      Level
   a - Corona                         Hexes                        1
   b - Slow                           Hexes                        2
   c - Gell's Gravitas                Hexes/Translocation          3
   d - Inner Flame                    Hexes/Fire                   3
   e - Cause Fear                     Hexes                        4
   f - Leda's Liquefaction            Hexes/Earth                  4
Miscellaneous
 O - a box of beasts
Comestibles
 d - 12 bread rations
 e - 33 fruits
 o - 12 royal jellies


   Skills:
 - Level 6.1 Fighting
 - Level 9.0 Short Blades
 - Level 2.3 Armour
 + Level 12.0 Dodging
 + Level 11.8 Stealth
 * Level 14.0 Spellcasting
 * Level 13.5 Hexes
 - Level 10.1 Charms
 - Level 2.0 Summonings
 * Level 12.1 Necromancy
 * Level 2.2 Translocations
 - Level 4.0 Ice Magic
 + Level 6.4 Evocations


You had 2 spell levels left.
You knew the following spells:

 Your Spells              Type           Power        Failure   Level  Hunger
a - Animate Skeleton      Necr           N/A          1%          1    None
b - Dazzling Spray        Conj/Hex       #####.       1%          3    None
c - Confuse               Hex            ######..     1%          3    None
d - Dispel Undead         Necr           ######..     1%          5    ###....
e - Corona                Hex            ######.      0%          1    None
f - Control Undead        Necr           ######....   1%          4    None
g - Gell's Gravitas       Hex/Tloc       #####.....   1%          3    None
h - Ensorcelled Hibernat  Hex/Ice        ######       1%          2    None
i - Inner Flame           Hex/Fire       #####...     1%          3    None
j - Summon Butterflies    Summ           ###.....     1%          1    None
k - Apportation           Tloc           ###.......   1%          1    None
t - Tukima's Dance        Hex            ######..     1%          3    None
u - Sublimation of Blood  Necr           ######....   1%          2    None
v - Vampiric Draining     Necr           ######....   1%          3    None
x - Excruciating Wounds   Chrm/Necr      ######....   1%          5    ###....


Dungeon Overview and Level Annotations

Branches:
Dungeon (15/15)              Lair (6/6) D:10          Swamp (2/4) Lair:2
 Spider (4/4) Lair:2        Slime (0/5) Lair:5          Orc (2/2) D:11
    Elf (1/3) Orc:2
 Temple: D:4-7       Vaults: D:13-14     Depths: D:15

Altars:
Ashenzari
Cheibriados
Kikubaaqudgha
Nemelex Xobeh
Okawaru
Ru
Trog
Vehumet
The Shining One
Beogh

Shops:
Orc:1 %   Orc:2 }([(

Annotations:
D:7 Pikel
D:14 Rupert
Swamp:2 exclusion: Roxanne, Frances, Nikola, Roxanne


Innate Abilities, Weirdness & Mutations

You are very small and have problems with some larger weapons.
You are too small for most types of armour.
You have supernaturally acute eyesight. (SInv)
You are a herbivore.
You cover ground extremely quickly.
You need consume almost no food.
You are partially covered in large bone plates. (SH +4)
You are partially covered in molten scales. (AC +2)
You are agile. (Dex +2)
Your muscles are strong. (Str +2)


Message History

The demonic crawler misses you. The demonic crawler closely misses you.
The jumping spider completely misses you. x2
The redback closely misses you. The redback bites you!
You are more poisoned.
The redback poisons you! You block the redback's attack.
You are very lightly contaminated with residual magic.
You feel better. The redback closely misses you.
The jumping spider pounces on you but does no damage.
The jumping spider misses you. The demonic crawler barely misses you.
The demonic crawler closely misses you. The demonic crawler hits you.
The redback closely misses you. The redback bites you!
* * * LOW HITPOINT WARNING * * *
The redback bites you but does no damage.
The jumping spider pounces on you!
* * * LOW HITPOINT WARNING * * *
You are caught in a web!
The jumping spider completely misses you.
The redback bites you!
You die...
Kikubaaqudgha rasps: "You have failed me!
Welcome... death!"

# #.# #^........# # #.#
#.###.....### ... ###.
#.....#.# ... ..# ##.##..#
.# #.# ## #..#### # ###.###
##.....# ## ##.....###
##......# .#
..###....sss.###.......#
.###
.#.##.....s@##..##.....^#
.†.###.........ss#
#..#.(..##
......##........##
#.####### ....#####....s..#
##..### ....######......#
##.....#
#..###.###......###......##
##.##..^##......##........#
#.##...###....###........#
#.##)..(##...###.........#


You could see a demonic crawler, a jumping spider and 5 redbacks.

Vanquished Creatures
  Kirke (Lair:5)
  An orc warlord (Orc:2)
  An emperor scorpion (Spider:1)
  An entropy weaver (Spider:2)
  A spark wasp (Spider:3)
  Snorg (D:10)
  A fire dragon (Lair:6)
  A hydra (Lair:6)
  A catoblepas (Lair:6)
  2 tengu warriors
  An orc high priest (Orc:2)
  A deep elf knight (Elf:1)
  An unseen horror (D:10)
  2 lindwurms (Lair:6)
  2 hill giants (D:13)
  2 deep elf archers (Elf:1)
  3 orb spiders
  An orc knight (Orc:2)
  2 orc sorcerers
  7 ugly things
  4 deep elf magi (Elf:1)
  3 cyclopes
  10 wolf spiders
  A moth of wrath (Spider:3)
  4 black mambas
  Joseph (D:7)
  6 elephants
  4 centaur skeletons
  7 torpor snails
  An eye of devastation (Lair:5)
  A gargoyle (D:11)
  11 spiny frogs
  2 tengu conjurers
  A rime drake (Lair:2)
  An efreet (D:13)
  6 komodo dragons
  5 demonic crawlers
  A queen bee (Lair:2)
  15 jumping spiders
  2 two-headed ogres (Orc:2)
  3 trolls
  4 polar bears
  3 tyrant leeches (Lair:6)
  11 hornets
  2 bog bodies (Swamp:1)
  2 dream sheep (D:8)
  11 hippogriffs
  7 blink frogs
  A meliai zombie (D:14)
  A shadow (D:13)
  31 redbacks
  2 spriggans (Lair:5)
  15 tarantellas
  44 yaks
  A vampire (D:15)
  2 basilisks (Lair:1)
  2 wyverns
  3 hogs (Lair:5)
  A vampire mosquito (D:12)
  Edmund (D:6)
  8 water moccasins
  3 wargs
  3 swamp worms (Swamp:1)
  6 porcupines
  25 orc warriors
  4 black bears
  3 ice beasts
  3 eyes of draining
  2 swamp drakes (Swamp:1)
  11 ogres
  3 sky beasts
  2 necrophages
  14 wolves
  8 centaurs
  14 crocodiles
  4 big kobolds
  7 bullfrogs
  A gnoll sergeant (D:7)
  A wyvern zombie (D:12)
  6 scorpions
  20 killer bees
  17 wights
  2 howler monkeys (D:13)
  5 crimson imps
  2 centaur zombies
  A bullfrog zombie (D:8)
  2 quasits
  13 orc priests
  3 bullfrog skeletons
  4 hounds
  20 orc wizards
  5 jellies
  4 iguanas
  7 worker ants
  A hound skeleton (D:4)
  5 gnolls
  2 howler monkey zombies (D:9)
  2 worker ant zombies
  7 adders
  2 shadow imps
  An ooze (D:6)
  6 leopard geckos
  53 orcs
  2 giant cockroaches
  2 goblins
  3 hobgoblins
  3 jackals (D:2)
  5 quokkas
  A jackal skeleton (D:4)
  6 kobolds
  A quokka skeleton (D:8)
  3 rats
  A fungus (Lair:5)
605 creatures vanquished.

Vanquished Creatures (collateral kills)
  Gastronok (Lair:3)
  A komodo dragon (Lair:6)
  A blink frog (Lair:6)
  2 yaks (Lair:6)
  2 water moccasins (Lair:5)
  6 orc warriors (Orc:2)
  A crocodile (Lair:5)
  A killer bee (Lair:2)
  9 wights
  An orc priest (D:11)
  4 orc wizards (Orc:2)
  14 orcs
  A fungus (Lair:5)
  A plant (Lair:6)
45 creatures vanquished.

Vanquished Creatures (others)
  7 dancing weapons
  A porcupine (Lair:1)
  A centaur (D:12)
  2 killer bees
  A bush (Lair:6)
  8 fungi
  17 plants
37 creatures vanquished.

Grand Total: 687 creatures vanquished

Notes
Turn   | Place    | Note
-------+----------+-------------------------------------------
     0 | D:1      | SterlingArcher the Spriggan Enchanter began the quest for the Orb.
     0 | D:1      | Reached XP level 1. HP: 9/9 MP: 5/5
   210 | D:2      | Reached skill level 3 in Spellcasting
   221 | D:2      | Reached XP level 2. HP: 12/13 MP: 4/7
   234 | D:2      | Learned a level 2 spell: Ensorcelled Hibernation
   672 | D:3      | Reached XP level 3. HP: 16/16 MP: 3/8
   836 | D:5      | Entered Level 5 of the Dungeon
   859 | D:5      | Noticed an ogre
   971 | D:4      | Reached XP level 4. HP: 6/21 MP: 0/10
  1054 | D:4      | Learned a level 3 spell: Tukima's Dance
  1058 | D:4      | Learned a level 3 spell: Confuse
  1100 | D:4      | Reached skill level 5 in Stealth
  1122 | D:4      | Reached XP level 5. HP: 14/24 MP: 0/11
  1393 | D:4      | Noticed an ogre
  1416 | D:4      | Killed an ogre
  1416 | D:4      | Reached skill level 4 in Spellcasting
  1430 | D:4      | Reached XP level 6. HP: 28/28 MP: 1/13
  1529 | D:3      | Found a sacrificial altar of Ru.
  1630 | D:6      | Noticed an ice beast
  1934 | D:5      | Found a sparkling altar of Nemelex Xobeh.
  1995 | D:5      | Found a snail-covered altar of Cheibriados.
  1995 | D:5      | Found an ancient bone altar of Kikubaaqudgha.
  1996 | D:5      | Found a radiant altar of Vehumet.
  2002 | D:5      | Became a worshipper of Kikubaaqudgha
  2096 | D:6      | Noticed Edmund
  2120 | D:6      | Reached skill level 5 in Spellcasting
  2125 | D:6      | Killed Edmund
  2125 | D:6      | Reached skill level 5 in Dodging
  2125 | D:6      | Reached skill level 5 in Hexes
  2149 | D:6      | Reached skill level 1 in Necromancy
  2149 | D:6      | Reached XP level 7. HP: 29/32 MP: 6/16
  2297 | D:7      | Noticed Pikel
  2537 | D:6      | Learned a level 3 spell: Dazzling Spray
  2553 | D:6      | Reached skill level 6 in Spellcasting
  2636 | D:5      | Found a glowing golden altar of the Shining One.
  2730 | D:6      | Reached skill level 1 in Evocations
  2940 | D:5      | Reached skill level 5 in Short Blades
  2940 | D:5      | Reached skill level 1 in Ice Magic
  2940 | D:5      | Reached XP level 8. HP: 11/37 MP: 15/18
  3312 | D:9      | Reached skill level 1 in Fighting
  3501 | D:9      | Reached skill level 7 in Spellcasting
  3709 | D:9      | Reached * piety under Kikubaaqudgha
  3709 | D:9      | Identified Kikubaaqudgha's Guide on Necromancy (Kikubaaqudgha gifted it to you on level 9 of the Dungeon)
  3709 | D:9      | Received a gift from Kikubaaqudgha
  3715 | D:9      | Learned a level 3 spell: Vampiric Draining
  3853 | D:10     | Entered Level 10 of the Dungeon
  3887 | D:10     | Reached XP level 9. HP: 42/42 MP: 14/21
  4045 | D:9      | Noticed a cyclops
  4168 | D:8      | Learned a level 1 spell: Animate Skeleton
  4294 | D:8      | Reached skill level 8 in Spellcasting
  4542 | D:7      | Learned a level 2 spell: Corpse Rot
  4563 | D:7      | Noticed Joseph
  4572 | D:7      | Killed Joseph
  4603 | D:7      | Found an ancient bone altar of Kikubaaqudgha.
  4825 | D:7      | Learned a level 4 spell: Control Undead
  5145 | D:8      | Reached ** piety under Kikubaaqudgha
  5145 | D:8      | Reached XP level 10. HP: 47/47 MP: 7/23
  5444 | D:8      | Noticed a two-headed hydra
  5801 | D:10     | Noticed an unseen horror
  5805 | D:10     | Found a staircase to the Lair.
  5813 | D:10     | Killed an unseen horror
  5895 | Lair:1   | Entered Level 1 of the Lair of Beasts
  5983 | Lair:1   | Reached skill level 5 in Evocations
  6015 | Lair:1   | Learned a level 2 spell: Sublimation of Blood
  6021 | Lair:1   | Noticed a black mamba
  6024 | Lair:1   | Killed a black mamba
  6024 | Lair:1   | Reached skill level 9 in Spellcasting
  6024 | Lair:1   | Reached skill level 5 in Necromancy
  6209 | Lair:1   | Noticed a spiny frog
  6238 | Lair:1   | Killed a spiny frog
  6415 | Lair:1   | Reached XP level 11. HP: 41/52 MP: 10/25
  6495 | Lair:2   | Noticed a five-headed hydra
  6595 | Lair:2   | Found a staircase to the Swamp.
  6696 | D:11     | Got a slimy ivory amulet
  6697 | D:11     | Identified the amulet "Iffelio" {Gourm rElec rN+} (You found it on level 11 of the Dungeon)
  6853 | D:11     | Upgraded the game from 0.19.0-9-gfd783f2 to 0.19.0-11-g3fc08b3
  6973 | D:11     | Reached *** piety under Kikubaaqudgha
  6973 | D:11     | Identified Kikubaaqudgha's Almanac of Necromancy (Kikubaaqudgha gifted it to you on level 11 of the Dungeon)
  6973 | D:11     | Received a gift from Kikubaaqudgha
  7080 | D:11     | Found a staircase to the Orcish Mines.
  7622 | D:11     | Found a radiant altar of Vehumet.
  7916 | D:10     | Noticed Snorg
  8079 | D:10     | Killed Snorg
  8430 | Orc:1    | Entered Level 1 of the Orcish Mines
  8430 | Orc:1    | Found Medi's Food Shoppe.
  8640 | Orc:1    | Found a bloodstained altar of Trog.
  8644 | Orc:1    | Noticed an orc sorcerer
  8659 | Orc:1    | Killed an orc sorcerer
  8659 | Orc:1    | Reached skill level 10 in Hexes
  8715 | Orc:2    | Entered Level 2 of the Orcish Mines
  8766 | Orc:1    | Reached **** piety under Kikubaaqudgha
  8813 | Orc:2    | Found a bloodstained altar of Trog.
  9067 | Orc:2    | Found a roughly hewn altar of Beogh.
  9094 | Orc:2    | Found Xachen's Weapon Emporium.
  9333 | Orc:2    | Found a roughly hewn altar of Beogh.
  9394 | Orc:2    | Found a roughly hewn altar of Beogh.
  9470 | Orc:2    | Found a roughly hewn altar of Beogh.
  9571 | Orc:2    | Found Pora's Gadget Shoppe.
  9770 | Orc:2    | Found a roughly hewn altar of Beogh.
  9878 | Orc:2    | Reached skill level 10 in Spellcasting
  9903 | Orc:2    | Reached ***** piety under Kikubaaqudgha
 10164 | Orc:2    | Found a staircase to the Elven Halls.
 10167 | Orc:2    | Found a roughly hewn altar of Beogh.
 10240 | Orc:2    | Found a roughly hewn altar of Beogh.
 10357 | Orc:2    | Noticed an orc knight
 10402 | Orc:2    | Killed an orc knight
 10402 | Orc:2    | Reached skill level 10 in Dodging
 10418 | Orc:2    | Noticed an orc warlord
 10465 | Orc:2    | Noticed an orc high priest
 10530 | Orc:2    | Killed an orc high priest
 10530 | Orc:2    | Reached XP level 12. HP: 59/59 MP: 22/27
 10545 | Orc:2    | Learned a level 5 spell: Excruciating Wounds
 10704 | Orc:2    | Killed an orc warlord
 10704 | Orc:2    | Reached skill level 5 in Fighting
 10704 | Orc:2    | Reached skill level 1 in Charms
 10871 | Orc:2    | Found Qemi's Antique Weapon Emporium.
 10872 | Orc:2    | Found a roughly hewn altar of Beogh.
 10877 | Orc:2    | Found Fiqugila's Antique Armour Shoppe.
 10982 | Orc:2    | Bought a wand of disintegration (10/24) for 224 gold pieces
 11207 | D:12     | Noticed a tengu warrior
 12277 | Lair:5   | Reached skill level 11 in Spellcasting
 12362 | Lair:5   | Reached skill level 5 in Charms
 12381 | Lair:5   | Noticed Kirke
 12531 | Lair:6   | Entered Level 6 of the Lair of Beasts
 12539 | Lair:6   | Noticed a catoblepas
 12597 | Lair:6   | Noticed a seven-headed hydra
 12833 | Lair:5   | Found a staircase to the Slime Pits.
 13231 | Lair:5   | Reached ****** piety under Kikubaaqudgha
 13248 | Lair:4   | Received a gift from Kikubaaqudgha
 13354 | Lair:5   | Learned a level 5 spell: Dispel Undead
 13427 | Lair:6   | Reached XP level 13. HP: 42/63 MP: 23/29
 13586 | Lair:6   | Learned a level 3 spell: Inner Flame
 13828 | Lair:4   | Found a shattered altar of Ashenzari.
 13897 | Lair:3   | Noticed Gastronok
 13997 | Lair:1   | Reached skill level 10 in Necromancy
 13997 | Lair:1   | Reached XP level 14. HP: 68/68 MP: 26/30
 14587 | Lair:6   | Found a runed door.
 14720 | Lair:6   | Reached skill level 12 in Spellcasting
 15051 | Lair:5   | Killed Kirke
 15081 | Lair:5   | Got a scorched shortbow
 15082 | Lair:5   | Identified the +7 shortbow of the Butterfly {flame, rElec Dex+5} (You found it on level 5 of the Lair of Beasts)
 15148 | Lair:4   | Reached skill level 1 in Armour
 15293 | Lair:3   | Killed Gastronok
 16184 | Lair:6   | Reached skill level 10 in Stealth
 16368 | Swamp:1  | Entered Level 1 of the Swamp
 16396 | Swamp:1  | Learned a level 3 spell: Gell's Gravitas
 16441 | Swamp:2  | Noticed Frances
 16458 | Swamp:1  | Found an iron altar of Okawaru.
 16825 | Swamp:2  | Noticed Roxanne
 16825 | Swamp:2  | Noticed Nikola
 17276 | D:12     | Gained mutation: You are partially covered in large bone plates. (SH +4) [potion of beneficial mutation]
 17509 | D:12     | Reached skill level 10 in Charms
 18094 | D:15     | Entered Level 15 of the Dungeon
 18122 | D:14     | Noticed Rupert
 18197 | D:15     | Reached XP level 15. HP: 73/73 MP: 21/32
 18361 | D:14     | Reached skill level 13 in Spellcasting
 18728 | D:12     | Upgraded the game from 0.19.0-11-g3fc08b3 to 0.19.0-16-g73b5abf
 19211 | Lair:3   | Got a warped bone ring
 19215 | Lair:3   | Identified the ring of Disaster {+Fly MR+} (You found it on level 3 of the Lair of Beasts)
 19331 | Lair:2   | Found a hole to the Spider Nest.
 19548 | Orc:2    | Bought the +2 cloak of the Thief {+Fog Slay-2 SInv Stlth+} for 1653 gold pieces
 19658 | Elf:1    | Entered Level 1 of the Elven Halls
 20117 | Orc:2    | Learned a level 1 spell: Summon Butterflies
 20565 | Spider:1 | Entered Level 1 of the Spider Nest
 20886 | Spider:1 | Reached skill level 1 in Summonings
 21589 | Spider:1 | Gained mutation: You are partially covered in molten scales. (AC +2) [potion of mutation]
 21589 | Spider:1 | Gained mutation: You are agile. (Dex +2) [potion of mutation]
 21589 | Spider:1 | Gained mutation: Your muscles are strong. (Str +2) [potion of mutation]
 22153 | Spider:4 | Entered Level 4 of the Spider Nest
 22186 | Spider:3 | Learned a level 1 spell: Apportation
 22310 | Spider:3 | Reached skill level 1 in Translocations
 22553 | Spider:3 | Reached skill level 14 in Spellcasting
 22872 | Spider:3 | Slain by a redback

Skill      XL: |  1  2  3  4  5  6  7  8  9 10 11 12 13 14 15 |
---------------+----------------------------------------------+-----
Spellcasting   | 3 4 5 6 7 8 9 10 11 12 14 | 14.0
Short Blades   | 2 3 4 5 7 8 9 |  9.0
Hexes          | 4 5 6 8 9 10 11 12 13 | 13.5
Dodging        | 4 5 6 7 8 10 12 | 12.0
Stealth        | 5 8 9 10 11 | 11.8
Necromancy     | 1 2 3 5 6 8 10 11 12 | 12.1
Evocations     | 1 2 4 5 6 |  6.4
Ice Magic      | 1 2 4 |  4.0
Fighting       | 1 2 3 4 5 6 |  6.1
Charms         | 6 7 10 | 10.1
Armour         | 2 |  2.3
Summonings     | 2 |  2.0
Translocations | 2 |  2.2

Action                   |  1- 3 |  4- 6 |  7- 9 | 10-12 | 13-15 || total
-------------------------+-------+-------+-------+-------+-------++-------
Melee: Dagger            |    84 |    72 |   236 |   604 |   710 ||  1706
       Short sword       |       |       |       |    66 |    75 ||   141
 Cast: Corona            |    10 |       |     1 |       |       ||    11
       Ensorcelled Hiber |    22 |    27 |    71 |   203 |   165 ||   488
       Confuse           |       |     5 |    38 |   119 |   263 ||   425
       Tukima's Dance    |       |       |    16 |    30 |     9 ||    55
       Animate Skeleton  |       |       |     3 |    15 |    21 ||    39
       Corpse Rot        |       |       |     1 |       |       ||     1
       Sublimation of Bl |       |       |       |    31 |     3 ||    34
       Dazzling Spray    |       |       |       |     6 |     3 ||     9
       Vampiric Draining |       |       |       |    14 |     6 ||    20
       Excruciating Woun |       |       |       |     1 |     2 ||     3
       Dispel Undead     |       |       |       |       |    20 ||    20
       Control Undead    |       |       |       |       |     2 ||     2
       Gell's Gravitas   |       |       |       |       |     1 ||     1
       Summon Butterflie |       |       |       |       |     1 ||     1
Invok: Receive Necronomi |       |       |       |     1 |       ||     1
 Abil: Evoke Flight      |       |       |       |       |     4 ||     4
Evoke: Wand              |       |       |       |    16 |    25 ||    41
  Use: Potion            |       |     1 |       |     3 |    16 ||    20
       Scroll            |       |     2 |     4 |    19 |    10 ||    35
 Stab: Sleeping          |    15 |    18 |    45 |   113 |   116 ||   307
       Confused          |       |     4 |    18 |    59 |   163 ||   244
       Paralysed         |       |       |       |     2 |       ||     2
       Invisible         |       |       |       |     2 |       ||     2
       Distracted        |       |       |       |     1 |     4 ||     5
  Eat: Royal jelly       |       |     1 |       |       |       ||     1
       Bread ration      |       |       |     1 |       |       ||     1
       Pizza             |       |       |       |     7 |     1 ||     8
       Fruit             |       |       |       |       |     7 ||     7
Armor: Robe              |    13 |     2 |     7 |    22 |    38 ||    82
       Skin              |       |    41 |       |       |       ||    41
Dodge: Dodged            |    73 |    31 |   113 |   369 |   425 ||  1011
Block: Other             |       |       |       |       |    50 ||    50
